 Dungeon Crawl Stone Soup version 0.23.2 (webtiles) character file.

Game seed: 9286451767397626468

103055 Menchi the Fencer (level 15, 0/141 HPs)
             Began as a Minotaur Wanderer on Apr 2, 2019.
             Was the Champion of Qazlal.
             Killed by divine providence
             ... invoked by a smoke demon
              (11 damage)
             ... on level 3 of the Abyss.
             The game lasted 02:32:34 (20216 turns).

Menchi the Fencer (Minotaur Wanderer)              Turns: 20216, Time: 02:32:35

Health: 0/141      AC: 23    Str: 29    XL:     15   Next: 88%
Magic:  14/14      EV: 34    Int:  6    God:    Qazlal [******]
Gold:   135        SH: 17    Dex: 15    Spells: 14/14 levels left

rFire    . . .     SeeInvis .   a - +4 demon blade (venom)
rCold    . . .     Gourm    .   v - +3 warlock's mirror {reflect}
rNeg     + + +     Faith    .   A - +4 scale mail "Kuwuewih" {*Slow rElec Str+7 Stlth+}
rPois    +         Spirit   .   e - +2 hat
rElec    +         Reflect  +   D - +2 ratskin cloak {+Rats rPois rN+ Str-1 Int-1 Dex+1}
rCorr    .         Harm     .   Y - +1 pair of gloves
MR       +....                  M - +0 pair of boots
Stlth    ..........             J - amulet of the acrobat
HPRegen  0.33/turn              K - +4 ring of dexterity
MPRegen  0.14/turn              t - ring of Waoblo {*Contam +Inv rN+++ Dex-2 Slay+5 Stlth-}

@: protected from electricity, acrobat, repel missiles
A: retaliatory headbutt, horns 2
a: Upheaval, Elemental Force, Disaster Area, Renounce Religion, Evoke Ratskin,
Evoke Invisibility


You were on level 3 of the Abyss.
You worshipped Qazlal.
Qazlal was exalted by your worship.
You were hungry.

You visited 3 branches of the dungeon, and saw 19 of its levels.
You visited the Abyss 1 time.
You visited 1 bazaar.
You also visited: Ossuary.

You collected 1550 gold pieces.
You spent 1415 gold pieces at shops.

Inventory:

Hand Weapons
 a - a +4 demon blade of venom (weapon)
 x - a +3 scimitar of flaming
 P - a +3 falchion
 W - the +1 scimitar "Otatz" {drain, rF+}
   (You bought it in a shop on level 1 of the Elven Halls)

   A truly terrible weapon, it drains the life of those it strikes.
   It protects you from fire.
Armour
 e - a +2 hat (worn)
 v - the +3 warlock's mirror (worn) {reflect}
   (You found it on level 4 of the Dungeon)
 A - the +4 scale mail "Kuwuewih" (worn) {*Slow rElec Str+7 Stlth+}
   (You found it on level 5 of the Dungeon)

   It affects your strength (+7).
   It insulates you from electricity.
   It may slow you when you take damage.
   It makes you more stealthy.
 D - the +2 ratskin cloak (worn) {+Rats rPois rN+ Str-1 Int-1 Dex+1}
   (You found it on level 5 of the Dungeon)

   It affects your strength (-1).
   It affects your intelligence (-1).
   It affects your dexterity (+1).
   It protects you from poison.
   It protects you from negative energy.
 M - a +0 pair of boots (worn)
 N - a +0 shield of resistance
 S - +0 fire dragon scales
 Y - a +1 pair of gloves (worn)
Jewellery
 d - an uncursed amulet of rage
 h - a +2 ring of slaying
 o - a +3 ring of intelligence
 q - the ring "Kaitadem" {rPois rF+ MR+ Int-5 Dex+4}
   (You found it on level 15 of the Dungeon)

   [ring of protection from fire]

   It affects your intelligence (-5).
   It affects your dexterity (+4).
   It protects you from fire.
   It protects you from poison.
   It affects your resistance to hostile enchantments.
 t - the ring of Waoblo (right hand) {*Contam +Inv rN+++ Dex-2 Slay+5 Stlth-}
   (You found it on level 15 of the Dungeon)

   [ring of attention]

   It affects your dexterity (-2).
   It affects your accuracy and damage with ranged weapons and melee attacks
   (+5).
   It renders you almost immune to negative energy.
   It lets you turn invisible.
   It causes magical contamination when unequipped.
   It makes you less stealthy.
 J - an amulet of the acrobat (around neck)
 K - a +4 ring of dexterity (left hand)
 V - an uncursed ring of protection from magic
Wands
 l - a wand of enslavement (6)
 y - a wand of disintegration (4)
 z - a wand of paralysis (34)
 E - a wand of flame (22)
 F - a wand of acid (12)
 I - a wand of iceblast (11)
 O - a wand of random effects (17)
 R - a wand of clouds (4)
Scrolls
 b - a scroll of vulnerability {unknown}
 i - a scroll of identify
 k - a scroll of enchant armour {unknown}
 m - 4 scrolls of remove curse
 p - 3 scrolls of fear
 r - 2 scrolls of fog
 s - 5 scrolls of amnesia
 u - a scroll of magic mapping {unknown}
 w - a scroll of acquirement {unknown}
 B - a scroll of teleportation
 L - 5 scrolls of immolation
 Q - 2 scrolls of silence {unknown}
 Z - a scroll of summoning {unknown}
Potions
 c - a potion of mutation
 g - a potion of invisibility
 j - 2 potions of might
 n - 6 potions of flight
 C - 4 potions of lignification {unknown}
 G - a potion of magic {unknown}
 H - 3 potions of brilliance {unknown}
 U - a potion of resistance {unknown}
Comestibles
 f - 38 rations
 X - 2 chunks of flesh


   Skills:
 + Level 15.0 Fighting
 * Level 20.2 Long Blades
 + Level 14.6 Armour
 + Level 13.2 Dodging
 - Level 8.0 Shields


You had 14 spell levels left.
You didn't know any spells.
Your spell library contained the following spells:

 Spells                   Type           Power        Failure   Level  Hunger
 Corona                   Hex            #......      63%         1    ##.....
 Freeze                   Ice            #...         63%         1    ##.....
 Magic Dart               Conj           #...         63%         1    ##.....
 Sting                    Conj/Pois      #...         63%         1    ##.....
 Ensorcelled Hibernation  Hex/Ice        #.....       77%         2    ###....
 Throw Frost              Conj/Ice       #.....       77%         2    ###....
 Confuse                  Hex            #.......     94%         3    ####...
 Dazzling Spray           Conj/Hex       #.....       94%         3    ####...
 Ozocubu's Armour         Chrm/Ice       #.......     94%         3    ####...
 Static Discharge         Conj/Air       #.......     94%         3    ####...
 Tukima's Dance           Hex            #.......     94%         3    ####...
 Vampiric Draining        Necr           #.........   94%         3    ####...
 Animate Dead             Necr           N/A          100%        4    #####..
 Fulminant Prism          Conj/Hex       #.........   100%        4    #####..
 Summon Ice Beast         Ice/Summ       #.......     100%        4    #####..
 Throw Icicle             Conj/Ice       #.......     100%        4    #####..
 Bolt of Draining         Conj/Necr      #.........   100%        5    ######.
 Borgnjor's Vile Clutch   Necr/Erth      #.........   100%        5    ######.
 Excruciating Wounds      Chrm/Necr      #.........   100%        5    ######.
 Lightning Bolt           Conj/Air       #.........   100%        5    ######.
 Silence                  Hex/Air        #.........   100%        5    ######.
 Darkness                 Hex            #.........   100%        6    #######
 Death Channel            Necr           #.........   100%        6    #######
 Iron Shot                Conj/Erth      #.........   100%        6    #######
 Shadow Creatures         Summ           N/A          100%        6    #######
 Simulacrum               Ice/Necr       #.........   100%        6    #######
 Ignition                 Fire           #.........   100%        8    #######
 Shatter                  Erth           #.........   100%        9    #######
 Tornado                  Air            #.........   100%        9    #######


Dungeon Overview and Level Annotations

Branches:
Dungeon (15/15)            Temple (0/1) D:5            Lair (0/6) D:9
    Orc (2/2) D:11            Elf (2/3) Orc:2        Vaults (0/5) D:14
 Depths (0/5) D:15

Altars:
Ashenzari
Cheibriados
Dithmenos
Elyvilon
Fedhas
Hepliaklqana
Kikubaaqudgha
Makhleb
Qazlal
Trog
Vehumet
Xom
Zin
The Shining One
Beogh

Shops:
D:9 (   D:10 *   Orc:2 }*!(   Elf:1 **!(

Annotations:
D:9 exclusion: statue
D:15 exclusion: Roxanne, Roxanne


Innate Abilities, Weirdness & Mutations

You reflexively headbutt those who attack you in melee.
You have a pair of horns on your head.


Message History

The raiju shocks you. You resist.
* * * LOW HITPOINT WARNING * * *
A starcursed mass splits.
You feel much better.
A deafening chorus of shrieks assaults your mind!
* * * LOW HITPOINT WARNING * * *
The raiju bursts into living lightning!
The living lightning is repelled.
The raiju blinks!
A small abomination comes into view.
A small abomination comes into view.
A chorus of shrieks assaults your mind.
* * * LOW HITPOINT WARNING * * *
Found a ration and 3 scrolls of enchant weapon.
You hear a roar!
A guardian serpent comes into view.
A chorus of shrieks assaults your mind.
* * * LOW HITPOINT WARNING * * *
The smoke demon gestures at you. Something smites you!
You die...

. ##. ##.# . # .##
##3 . ##... ..
##...###.. ..#....
....#.. . #$.
...... ......... .
.. #S...
?..x#....X# ..
...## ..X# #x.3###.
#..# .%# ..##.X##h.
#.@##°.##X.##..##..
#.#h..##.# #.#.#..#
#..#.##.## ##X3.#.#
###.#XX#.X##.#X## .
#.##.#.##.. ## ..
...#. ##X3..#..##
#..#.############
##### . . .


You could see 3 starcursed masses, a guardian serpent, a smoke demon and a
raiju.

Vanquished Creatures
  4 liches (D:15)
  A tentacled monstrosity (Abyss:3)
  Asterion (Elf:1)
  Rupert (D:15)
  Frances (Elf:1)
  An orc warlord (Orc:2)
  Azrael (Elf:1)
  The ghost of Cykl0x the Cleaver, a journeyman MiFi of Makhleb (D:15)
  A deep elf demonologist (Elf:1)
  A fire dragon (D:10)
  4 vault guards (D:14)
  Erolcha (D:12)
  A rakshasa (D:14)
  2 hydras
  A shambling mangrove (Abyss:3)
  A catoblepas (D:14)
  A centaur warrior (D:13)
  5 two-headed ogres
  8 dancing weapons
  A tengu warrior (D:15)
  5 orc high priests (Orc:2)
  A thrashing horror (Abyss:3)
  10 deep elf knights
  5 unseen horrors
  2 wizards
  5 deep elf archers
  A necromancer (D:15)
  4 orc sorcerers
  2 ugly things
  5 orc knights
  4 manticores
  25 deep elf magi
  A large abomination (Abyss:3)
  2 cyclopes
  2 apocalypse crabs (Abyss:3)
  4 gargoyles
  7 centaur skeletons
  A smoke demon (Abyss:3)
  3 naga magi (D:15)
  A komodo dragon (D:9)
  A kobold demonologist (D:6)
  An ancient zyme (Abyss:3)
  3 raiju (Abyss:3)
  4 trolls
  4 hornets
  7 slime creatures (D:13)
  3 hippogriffs
  4 water elementals
  An air elemental (Elf:1)
  2 centaur simulacra (D:15)
  10 yaks
  A wraith (D:11)
  3 shadows
  4 fire elementals (Elf:1)
  4 wyverns
  2 basilisks (D:14)
  2 hungry ghosts
  A steam dragon (D:11)
  A chaos spawn (Abyss:3)
  5 wargs
  Menkaure (D:7)
  2 acid dragons
  A soldier ant (D:13)
  4 small abominations (Abyss:3)
  3 hell hounds (Elf:1)
  A soldier ant (shapeshifter) (D:15)
  3 water moccasins
  49 orc warriors
  2 phantoms
  2 sky beasts
  5 ice beasts
  A black bear (D:13)
  19 ogres
  17 centaurs
  A necrophage (D:10)
  A crocodile (D:8)
  7 bullfrogs
  3 big kobolds
  An earth elemental (Elf:1)
  2 wyvern zombies
  2 wyvern skeletons (D:11)
  3 water moccasin zombies (Ossuary)
  5 scorpions
  3 killer bees (D:9)
  5 wights (D:9)
  6 howler monkeys
  A bullfrog zombie (D:12)
  3 centaur zombies
  10 hounds
  10 crimson imps
  31 orc priests
  A quasit (D:12)
  Ijyb (D:5)
  8 iguanas
  10 orc wizards
  A hell rat (D:5)
  7 worker ants
  A killer bee zombie (D:7)
  2 big kobold zombies (Ossuary)
  3 mummies
  5 worker ant zombies
  7 gnolls
  17 adders
  7 river rats
  4 shadow imps
  An adder zombie (Ossuary)
  2 adder skeletons
  4 worms
  A dart slug (D:1)
  4 leopard geckos
  116 orcs
  8 bats
  4 giant cockroaches
  5 gnoll zombies (Ossuary)
  16 goblins
  12 hobgoblins
  8 jackals
  5 quokkas
  7 frilled lizards
  5 hobgoblin zombies (Ossuary)
  A jackal skeleton (D:5)
  15 kobolds
  6 kobold zombies (Ossuary)
  A leopard gecko skeleton (D:4)
  5 orc zombies (Ossuary)
  24 rats
719 creatures vanquished.

Vanquished Creatures (others)
  A vault guard (D:14)
  3 deep elf archers (Elf:1)
  An orc warrior (D:14)
  5 centaurs
  2 orc priests
  An orc (Orc:2)
  A kobold (D:10)
  3 plants
17 creatures vanquished.

Grand Total: 736 creatures vanquished

Notes
Turn   | Place    | Note
-------+----------+-------------------------------------------
     0 | D:1      | Menchi the Minotaur Wanderer began the quest for the Orb.
     0 | D:1      | Menchi set off with the following items: a +0 falchion, a
                  | +0 quarterstaff, a +0 shield, a +0 robe, a ration
     0 | D:1      | Reached XP level 1. HP: 19/19 MP: 0/0
    60 | D:1      | Reached XP level 2. HP: 24/26 MP: 1/1
   176 | D:1      | Reached skill level 4 in Long Blades
   859 | D:2      | Reached XP level 3. HP: 24/31 MP: 2/2
  1384 | D:2      | Found a stormy altar of Qazlal.
  1392 | D:2      | Became a worshipper of Qazlal Stormbringer
  1560 | D:2      | Found a snail-covered altar of Cheibriados.
  1664 | D:2      | Reached XP level 4. HP: 39/39 MP: 3/3
  1823 | D:2      | Found a white marble altar of Elyvilon.
  1823 | D:2      | Found a burning altar of Makhleb.
  1824 | D:2      | Found a blossoming altar of Fedhas.
  2240 | D:3      | Reached skill level 5 in Shields
  2686 | D:3      | Reached * piety under Qazlal
  2772 | D:3      | Reached skill level 5 in Long Blades
  2772 | D:3      | Reached XP level 5. HP: 34/45 MP: 4/4
  3370 | D:4      | Noticed an ogre
  3549 | D:4      | Noticed an ogre
  3558 | D:4      | Killed an ogre
  3558 | D:4      | Reached XP level 6. HP: 21/51 MP: 5/5
  3840 | D:4      | Found the +3 warlock's mirror {reflect}
  3901 | D:4      | Reached skill level 6 in Long Blades
  4264 | D:5      | Entered Level 5 of the Dungeon
  4393 | D:5      | Reached XP level 7. HP: 37/59 MP: 6/6
  4477 | D:5      | Got a fine scale mail
  4480 | D:5      | Identified the +4 scale mail "Kuwuewih" {*Slow rElec Str+7
                  | Stlth+} (You found it on level 5 of the Dungeon)
  4559 | D:5      | Found a staircase to the Ecumenical Temple.
  4696 | D:5      | Reached ** piety under Qazlal
  4705 | D:5      | Noticed Ijyb
  4718 | D:5      | Killed Ijyb
  4718 | D:5      | Reached skill level 7 in Long Blades
  5108 | D:5      | Found the +2 ratskin cloak {+Rats rPois rN+ Str-1 Int-1
                  | Dex+1}
  5472 | D:5      | Reached skill level 5 in Fighting
  5472 | D:5      | Reached XP level 8. HP: 57/68 MP: 7/7
  5622 | D:6      | Noticed a kobold demonologist
  5717 | D:6      | Reached skill level 8 in Long Blades
  5717 | D:6      | Reached skill level 1 in Dodging
  5856 | D:6      | Found a shimmering altar of Xom.
  6061 | D:6      | Found a sand-covered staircase.
  6072 | Ossuary  | Entered an ossuary
  6209 | Ossuary  | Reached *** piety under Qazlal
  6510 | D:6      | Reached skill level 9 in Long Blades
  6514 | D:6      | Found a shadowy altar of Dithmenos.
  6617 | D:6      | Noticed a sun demon
  6621 | D:6      | Noticed a sun demon
  6624 | D:6      | Noticed an orange demon
  6625 | D:6      | Killed a kobold demonologist
  6625 | D:6      | Reached skill level 5 in Armour
  6625 | D:6      | Reached XP level 9. HP: 32/77 MP: 8/8
  7193 | D:7      | Reached skill level 10 in Long Blades
  7231 | D:7      | Noticed Menkaure
  7240 | D:7      | Killed Menkaure
  7243 | D:7      | Identified the +3 hand axe of Annihilation {flame, rF+ rN+
                  | MP+9}
  7282 | D:7      | Reached **** piety under Qazlal
  7463 | D:7      | Found a glowing silver altar of Zin.
  7529 | D:7      | Found a hazy altar of Hepliaklqana.
  7885 | D:7      | Found a shattered altar of Ashenzari.
  8197 | D:8      | Reached skill level 11 in Long Blades
  8201 | D:8      | Reached skill level 5 in Dodging
  8248 | D:8      | Reached XP level 10. HP: 58/88 MP: 9/9
  8318 | D:8      | Found a glowing golden altar of the Shining One.
  8951 | D:9      | Noticed a two-headed ogre
  8959 | D:9      | Killed a two-headed ogre
  9011 | D:9      | Found Uninoal's Weapon Shoppe.
  9025 | D:9      | Bought a +2 demon blade of freezing for 390 gold pieces
  9067 | D:9      | Reached skill level 12 in Long Blades
  9099 | D:9      | Found a staircase to the Lair.
  9174 | D:9      | Reached ***** piety under Qazlal
  9317 | D:9      | Found a radiant altar of Vehumet.
  9330 | D:9      | Found a bloodstained altar of Trog.
  9580 | D:10     | Entered Level 10 of the Dungeon
  9606 | D:10     | Noticed a two-headed ogre
  9613 | D:10     | Killed a two-headed ogre
  9613 | D:10     | Reached XP level 11. HP: 66/97 MP: 10/10
  9730 | D:10     | Noticed a fire dragon
  9741 | D:10     | Killed a fire dragon
  9741 | D:10     | Reached skill level 13 in Long Blades
  9754 | D:10     | Killed an unseen horror
  9917 | D:10     | Found Ublosomujyt's General Store.
 10643 | D:11     | Reached skill level 10 in Fighting
 10730 | D:11     | Noticed an eight-headed hydra
 10745 | D:11     | Killed an 11-headed hydra
 10745 | D:11     | Reached skill level 14 in Long Blades
 10968 | D:11     | Found a roughly hewn altar of Beogh.
 10968 | D:11     | Found a staircase to the Orcish Mines.
 11211 | Orc:1    | Entered Level 1 of the Orcish Mines
 11222 | Orc:1    | Reached skill level 10 in Armour
 11236 | Orc:1    | Noticed an orc knight
 11249 | Orc:1    | Killed an orc knight
 11249 | Orc:1    | Reached XP level 12. HP: 58/108 MP: 11/11
 11556 | Orc:2    | Entered Level 2 of the Orcish Mines
 11573 | Orc:2    | Reached ****** piety under Qazlal
 11599 | Orc:2    | Noticed a two-headed ogre
 11606 | Orc:2    | Killed a two-headed ogre
 11892 | Orc:2    | Found a roughly hewn altar of Beogh.
 11924 | Orc:2    | Reached skill level 15 in Long Blades
 12000 | Orc:2    | Found Litil's Weapon Boutique.
 12011 | Orc:2    | Found Tocvo's Distillery.
 12031 | Orc:2    | Bought a potion of might for 44 gold pieces
 12383 | Orc:2    | Found a staircase to the Elven Halls.
 12439 | Orc:2    | Noticed an orc high priest
 12476 | Orc:2    | Noticed an orc high priest
 12484 | Orc:2    | Killed an orc high priest
 12513 | Orc:2    | Noticed an orc high priest
 12515 | Orc:2    | Noticed an orc warlord
 12519 | Orc:2    | Found Kuwn's Gadget Emporium.
 12761 | Orc:2    | Killed an orc warlord
 12765 | Orc:2    | Reached skill level 16 in Long Blades
 12783 | Orc:2    | Killed an orc high priest
 12790 | Orc:2    | Reached XP level 13. HP: 101/117 MP: 12/12
 12834 | Orc:2    | Found a roughly hewn altar of Beogh.
 12848 | Orc:2    | Reached skill level 10 in Dodging
 12910 | Orc:2    | Found Anateing's Assorted Antiques.
 13618 | D:12     | Noticed Erolcha
 13641 | D:12     | Killed Erolcha
 14605 | D:13     | Found a blossoming altar of Fedhas.
 14799 | D:13     | Reached skill level 17 in Long Blades
 15512 | D:14     | Reached XP level 14. HP: 106/127 MP: 13/13
 15608 | D:14     | Found a gate to the Vaults.
 15861 | D:15     | Entered Level 15 of the Dungeon
 15937 | D:15     | Noticed Rupert
 15977 | D:15     | Killed Rupert
 15977 | D:15     | Reached skill level 18 in Long Blades
 16286 | D:15     | Identified Roxanne's Disquisition on the Rocks
 16286 | D:15     | Noticed Roxanne
 16461 | D:15     | Found a staircase to the Depths.
 16892 | D:15     | Found a runed translucent gate.
 16892 | D:15     | Found a runed translucent gate.
 16892 | D:15     | Found a runed translucent gate.
 16892 | D:15     | Found an ancient bone altar of Kikubaaqudgha.
 16892 | D:15     | Noticed a lich
 16892 | D:15     | Noticed a lich
 16892 | D:15     | Noticed a lich
 16892 | D:15     | Noticed Cykl0x's ghost (journeyman MiFi)
 16892 | D:15     | Noticed a lich
 16902 | D:15     | Noticed an Executioner
 16918 | D:15     | Noticed a Hell Sentinel
 16918 | D:15     | Killed a lich
 17234 | D:15     | Killed a lich
 17248 | D:15     | Paralysed by a lich for 4 turns
 17254 | D:15     | Killed a lich
 17352 | D:15     | Killed Cykl0x's ghost
 17372 | D:15     | Killed a lich
 17558 | D:15     | Identified Sif Muna's Tome of Lethal Black Arts
 17561 | D:15     | Got a translucent amber ring
 17576 | D:15     | Identified Kikubaaqudgha's Guide on Evil
 17581 | D:15     | Got a twitching platinum ring
 17593 | D:15     | Got an encrusted helmet
 17594 | D:15     | Identified the +1 helmet "Awepun" {Regen+ rCorr Int+4} (You
                  | found it on level 15 of the Dungeon)
 18015 | Elf:1    | Entered Level 1 of the Elven Halls
 18021 | Elf:1    | Noticed Frances
 18043 | Elf:1    | Killed Frances
 18063 | Elf:1    | Reached skill level 19 in Long Blades
 18078 | Elf:1    | Reached XP level 15. HP: 64/138 MP: 14/14
 18090 | Elf:1    | Identified the ring "Kaitadem" {rPois rF+ MR+ Int-5 Dex+4}
                  | (You found it on level 15 of the Dungeon)
 18092 | Elf:1    | Identified the ring of Waoblo {*Contam +Inv rN+++ Dex-2
                  | Slay+5 Stlth-} (You found it on level 15 of the Dungeon)
 18108 | Elf:1    | Noticed Azrael
 18121 | Elf:1    | Killed Azrael
 18525 | Elf:1    | Found Voorie's Antique Weapon Boutique.
 18532 | Elf:1    | Bought a crystal rapier for 315 gold pieces
 18532 | Elf:1    | Bought a crystal scimitar for 315 gold pieces
 18532 | Elf:1    | Identified the +4 rapier of Defence by Offence {pierce,
                  | rC++ Dex+4} (You bought it in a shop on level 1 of the
                  | Elven Halls)
 18533 | Elf:1    | Identified the cursed +1 scimitar "Otatz" {drain, rF+} (You
                  | bought it in a shop on level 1 of the Elven Halls)
 18902 | Elf:1    | Found Xemuv's Distillery.
 18911 | Elf:1    | Bought a potion of might for 52 gold pieces
 18911 | Elf:1    | Bought a potion of might for 52 gold pieces
 18970 | Elf:1    | Noticed Asterion
 18984 | Elf:1    | Killed Asterion
 19100 | Elf:1    | Found a flickering gateway to a bazaar.
 19108 | Bazaar   | Entered a bazaar
 19120 | Bazaar   | Found Hufism's General Store.
 19125 | Bazaar   | Found Byxzusof's Antique Armour Shop.
 19157 | Bazaar   | Found Saigungasm's Distillery.
 19179 | Bazaar   | Found Warisata's Jewellery Shoppe.
 19309 | Elf:1    | Found Jaud's Assorted Antiques.
 19340 | Elf:1    | Found Fafeng's Assorted Antiques.
 19384 | Elf:1    | Bought a pair of runed gloves for 247 gold pieces
 19954 | Elf:2    | Reached skill level 20 in Long Blades
 19989 | Elf:2    | Noticed a Brimstone Fiend
 19991 | Elf:2    | Cast into level 3 of the Abyss (a deep elf demonologist)
 20064 | Abyss:3  | Paralysed by a chaos spawn for 5 turns
 20157 | Abyss:3  | Noticed a tentacled monstrosity
 20172 | Abyss:3  | Killed a tentacled monstrosity
 20189 | Abyss:3  | Reached skill level 15 in Fighting
 20196 | Abyss:3  | Paralysed by accursed screaming for 1 turns
 20216 | Abyss:3  | Killed from afar by a smoke demon

Skill      XL: |  1  2  3  4  5  6  7  8  9 10 11 12 13 14 15 |
---------------+----------------------------------------------+-----
Shields        | 3 4 5 6 7 8 |  8.0
Long Blades    | 4 5 6 7 9 11 12 14 16 17 19 20 | 20.2
Fighting       | 4 5 6 7 9 10 11 12 14 15 | 15.0
Armour         | 3 5 6 8 10 11 12 13 14 | 14.6
Dodging        | 3 5 6 8 9 11 12 13 | 13.2

Action                   |  1- 3 |  4- 6 |  7- 9 | 10-12 | 13-15 || total
-------------------------+-------+-------+-------+-------+-------++-------
Melee: Falchion          |    86 |   163 |   455 |    50 |       ||   754
       Headbutt          |    15 |    29 |   140 |   188 |   234 ||   606
       Demon blade       |       |       |       |   566 |   698 ||  1264
       Scimitar          |       |       |       |       |    40 ||    40
Invok: Upheaval          |       |       |       |       |     4 ||     4
Evoke: Wand              |       |    18 |    17 |    36 |    22 ||    93
  Use: Scroll            |     1 |     2 |    10 |     9 |    17 ||    39
       Potion            |       |     1 |     2 |     4 |    11 ||    18
 Stab: Paralysed         |       |       |     7 |       |       ||     7
       Invisible         |       |       |       |       |     1 ||     1
       Petrifying        |       |       |       |       |     1 ||     1
  Eat: Chunk             |     2 |     9 |     9 |    12 |    11 ||    43
       Ration            |       |       |     1 |     1 |     4 ||     6
Armor: Robe              |    14 |    14 |       |       |       ||    28
       Scale mail        |       |       |    82 |    72 |   120 ||   274
Dodge: Dodged            |    43 |    44 |    89 |   156 |   247 ||   579
       Deflected         |       |       |     1 |     4 |    14 ||    19
Block: Shield            |    38 |    80 |       |       |       ||   118
       Buckler           |       |     7 |   180 |   307 |   393 ||   887
       Reflection        |       |     1 |     7 |    41 |    73 ||   122
       Rpst.: Falchion   |    17 |    15 |    24 |     2 |       ||    58
       Demon blade       |       |       |       |    26 |    42 ||    68
       Scimitar          |       |       |       |       |     3 ||     3
